 Dungeon Crawl Stone Soup version 0.16.1-18-g436b03c (webtiles) character file.

1491 noize the Covert (level 8, -5/40 HPs)
             Began as a Vine Stalker Enchanter on May 3, 2015.
             Slain by Blork the orc
             ... wielding a +0 dire flail
              (10 damage)
             ... on level 5 of the Dungeon.
             The game lasted 00:13:55 (3888 turns).

noize the Covert (Vine Stalker Enchanter)           Turns: 3888, Time: 00:13:55

Health: -5/40      AC:  4    Str: 11    XL:     8   Next: 80%
Magic:  0/26       EV: 14    Int: 16    God:
Gold:   236        SH:  0    Dex: 16    Spells: 3 memorised, 6 levels left

rFire  . . .     SeeInvis .     i - +4 dagger (elec)
rCold  . . .     Clarity  .     b - +2 robe
rNeg   . . .     SustAb   .     (no shield)
rPois  .         Gourm    .     (no helmet)
rElec  .         Spirit   +     (no cloak)
rCorr  .         Warding  .     (no gloves)
rMut   .         Stasis   .     (no boots)
MR     +....                    h - amulet of rage (curse)
Stlth  +++++.....               w - ring of magical power
                                r - ring of stealth

@: very slightly contaminated, somewhat resistant to hostile enchantments, quite
stealthy
A: fangs 3, regeneration 2, magic shield, antimagic bite, no device heal 3, rot
immunity
a: Evoke Berserk Rage


You were on level 5 of the Dungeon.
You were not hungry.

You visited 1 branch of the dungeon, and saw 5 of its levels.
You also visited: Ossuary.

You collected 236 gold pieces.

Inventory:

Hand weapons
 i - a +4 dagger of electrocution (weapon)
 t - a cursed +0 dagger of flaming
Missiles
 L - a throwing net (quivered)
Armour
 b - a +2 robe (worn)
Jewellery
 h - a cursed amulet of rage (around neck)
 o - a cursed ring of poison resistance
 r - a ring of stealth (left hand)
 w - a ring of magical power (right hand)
 K - an uncursed ring of flight
 M - an uncursed ring of fire {unknown}
Magical devices
 y - a wand of digging (20)
 D - a wand of fire (3)
Scrolls
 e - a scroll of identify
 f - a scroll of fog
 g - a scroll of immolation
 j - a scroll of magic mapping {unknown}
 k - 3 scrolls of blinking {unknown}
 p - 2 scrolls of remove curse {unknown}
 A - a scroll of amnesia {unknown}
 B - a scroll of recharging
 F - 3 scrolls of teleportation {unknown}
 H - 4 scrolls of enchant armour
 I - a scroll of random uselessness {unknown}
Potions
 m - a potion of haste {unknown}
 n - 5 potions of curing {unknown}
 q - a potion of cancellation {unknown}
 s - 2 potions of poison {unknown}
 u - a potion of heal wounds {unknown}
 v - a potion of invisibility {unknown}
 z - a potion of restore abilities {unknown}
 C - a potion of magic {unknown}
 E - 2 potions of agility {unknown}
 G - a potion of might {unknown}
 J - a potion of ambrosia {unknown}
Books
 c - a book of Maledictions

   Spells                             Type                      Level
   a - Corona                         Hexes                        1
   b - Sure Blade                     Hexes/Charms                 2
   c - Ensorcelled Hibernation        Hexes/Ice                    2
   d - Confuse                        Hexes                        3
   e - Dazzling Spray                 Conjuration/Hexes            3
   f - Enslavement                    Hexes                        4
Comestibles
 a - a slice of pizza
 d - 3 bread rations
 l - 2 beef jerkies
 x - a meat ration


   Skills:
 + Level 3.4 Fighting
 + Level 3.8 Short Blades
 + Level 3.7 Dodging
 * Level 9.0 Stealth
 - Level 2.5 Spellcasting
 + Level 5.2 Hexes


You had 6 spell levels left.
You knew the following spells:

 Your Spells              Type           Power        Failure   Level  Hunger
a - Corona                Hex            ###....      2%          1    #......
b - Ensorcelled Hibernat  Hex/Ice        ##....       12%         2    ##.....
c - Confuse               Hex            ###.....     10%         3    ###....


Dungeon Overview and Level Annotations

Branches:
Dungeon (5/15)
 Temple: D:4-7

Altars:
Okawaru
Vehumet

Annotations:
D:5 Blork the orc


Innate Abilities, Weirdness & Mutations

You have razor-sharp teeth.
You heal very quickly.
When hurt, damage is shared between your health and your magic reserves.
Your bite disrupts and absorbs the magic of your enemies.
Potions and wands cannot restore your health.
You are immune to rotting.


Message History

The centaur hits you.
Casting: Ensorcelled Hibernation
Confirm with . or Enter, or press ? or * to list all spells.
Aiming: Ensorcelled Hibernation
Press: ? - help, Shift-Dir - straight line, f/p - centaur
Aim: a centaur (lightly wounded, chance 41%)
The centaur looks drowsy...
Something hits you.
The helpless centaur fails to defend itself.
You spit the centaur like a pig!!!
There is a sudden explosion of sparks!
You kill the centaur!
Your Stealth skill increases to level 9!
You hear some strange, mumbled words.
The magic dart hits you!
* * * LOW HITPOINT WARNING * * *
Read which item? (? for menu, Esc to quit)
As you read the scroll of fog, it crumbles to dust.
The scroll dissolves into smoke.
Something hits you!
* * * LOW HITPOINT WARNING * * *
Something hits you!
You die...

......####......###.#.###.#######
#.....# #......# #.#.# #.#
#.....## #..._..# #.#.# #.#
#......###......# #.#.# #.#
................# #.#.# #.#
..###...##.########.#)# #.# #.#
#.#.##........#...# #.#
#'###.#..#...§§§......# #.# ...#
.##.#..§§§{@.....# #.# ...#
#.....§§§......# #.# ...#
##..........#### #.# ...#
............# #.# ...#
##..........# #.# ...#
#.>.......## #.#
...################ #.#
...'............# #.#
...############.# #.#


There were no monsters in sight!

Vanquished Creatures
  A black bear (D:4)
  An ice beast (D:5)
  2 centaurs (D:5)
  A giant frog (D:5)
  9 scorpions (Ossuary)
  A crimson imp (D:5)
  2 human zombies (Ossuary)
  A jelly (D:5)
  An orc priest (D:4)
  An orc wizard (D:3)
  An iguana (D:5)
  Natasha (twice) (D:5)
  3 worker ants (D:5)
  2 big kobold zombies (Ossuary)
  4 mummies
  7 gnolls
  5 adders
  6 scorpion zombies (Ossuary)
  4 orcs
  5 bats
  A bat skeleton (D:5)
  A bat zombie (D:5)
  4 giant cockroaches
  2 gnoll zombies (Ossuary)
  13 goblins
  8 hobgoblins
  8 jackals
  7 kobolds
  A quokka (D:3)
  5 giant newts
  3 goblin zombies
  A hobgoblin zombie (Ossuary)
  2 kobold zombies (Ossuary)
  4 orc zombies (Ossuary)
  11 rats
130 creatures vanquished.

Vanquished Creatures (others)
  A goblin (D:4)
  2 hobgoblins (D:4)
3 creatures vanquished.

Grand Total: 133 creatures vanquished

Notes
Turn   | Place    | Note
--------------------------------------------------------------
     0 | D:1      | noize, the Vine Stalker Enchanter, began the quest for the Orb.
     0 | D:1      | Reached XP level 1. HP: 9/9 MP: 3/3
   122 | D:1      | Reached skill level 1 in Short Blades
   149 | D:1      | Reached XP level 2. HP: 13/13 MP: 3/5
   153 | D:1      | Learned a level 2 spell: Ensorcelled Hibernation
   530 | D:1      | You fall through a shaft!
   532 | D:2      | Reached skill level 4 in Stealth
   548 | D:2      | Reached XP level 3. HP: 16/16 MP: 7/7
   667 | D:1      | Learned a level 3 spell: Confuse
  1336 | D:2      | Reached XP level 4. HP: 21/21 MP: 9/9
  1599 | D:3      | Reached skill level 5 in Stealth
  1899 | D:3      | Reached XP level 5. HP: 23/25 MP: 11/11
  2168 | D:4      | Found an iron altar of Okawaru.
  2333 | D:4      | Found a radiant altar of Vehumet.
  2576 | D:4      | Reached skill level 1 in Fighting
  2604 | D:4      | Noticed a black bear
  2624 | D:4      | Killed a black bear
  2624 | D:4      | Gained mutation: You heal very quickly. [vine stalker growth]
  2624 | D:4      | Reached XP level 6. HP: 21/30 MP: 2/13
  2729 | D:4      | Found a sand-covered staircase.
  2735 | D:4      | Reached skill level 6 in Stealth
  2738 | Ossuary  | Entered an ossuary
  2815 | Ossuary  | Reached XP level 7. HP: 27/33 MP: 10/14
  2950 | Ossuary  | Reached skill level 7 in Stealth
  3043 | Ossuary  | Gained mutation: You have razor-sharp teeth. [vine stalker growth]
  3043 | Ossuary  | Reached XP level 8. HP: 36/39 MP: 15/17
  3228 | D:5      | Entered Level 5 of the Dungeon
  3329 | D:5      | Noticed Natasha
  3333 | D:5      | Killed Natasha
  3333 | D:5      | Reached skill level 8 in Stealth
  3444 | D:5      | Reached skill level 5 in Hexes
  3575 | D:5      | Noticed Natasha
  3822 | D:5      | Found a radiant altar of Vehumet.
  3834 | D:5      | Killed Natasha
  3849 | D:5      | Noticed Blork the orc
  3885 | D:5      | Reached skill level 9 in Stealth
  3888 | D:5      | Slain by Blork the orc

Action                   |  1- 3 |  4- 6 |  7- 9 || total
-------------------------+-------+-------+-------++-------
Melee: Dagger            |   103 |   106 |   125 ||   334
 Cast: Ensorcelled Hiber |     3 |    15 |    22 ||    40
       Confuse           |       |     3 |     5 ||     8
  Use: Scroll            |       |    10 |     4 ||    14
 Stab: Sleeping          |     6 |    17 |    23 ||    46
       Confused          |       |     3 |     2 ||     5
  Eat: Chunk             |     1 |     5 |     3 ||     9
       Bread ration      |       |       |     1 ||     1
